 Dungeon Crawl Stone Soup version 0.27-a0-343-gfcad680f63 (webtiles) character file.

Game seed: 2044527940808448625

9 wampuh the Covert (level 2, -1/27 (29) HPs)
             Began as a Gnoll Delver on Feb 15, 2021.
             Slain by a leopard gecko (5 damage)
             ... on level 4 of the Dungeon.
             The game lasted 00:01:13 (410 turns).

wampuh the Covert (Gnoll Delver)                     Turns: 410, Time: 00:01:14

HP:   -1/27 (29)    AC:  3    Str: 11    XL:     2   Next: 12%
MP:   2/2           EV: 13    Int:  9    God:
Gold: 10            SH:  0    Dex: 13    Spells: 1/1 levels left

rFire    . . .     SeeInvis .   a - +0 spear
rCold    . . .     Faith    .   (no shield)
rNeg     . . .     Spirit   .   b - +0 leather armour
rPois    .         Reflect  .   (no helmet)
rElec    .         Harm     .   (no cloak)
rCorr    .         Rampage  .   (no gloves)
Will     .....                  (no boots)
Stlth    ++++......             (no amulet)
HPRegen  0.09/turn              (no ring)
MPRegen  0.08/turn              (no ring)

@: drained
A: distributed training, fangs 1, strong nose
a: no special abilities


You were on level 4 of the Dungeon.
You visited 1 branch of the dungeon, and saw 2 of its levels.

You collected 10 gold pieces.

Inventory:

Hand Weapons
 a - a +0 spear (weapon)
Armour
 b - a +0 leather armour (worn)
Wands
 g - a wand of digging (2)
Scrolls
 c - 2 scrolls of fog
 d - a scroll of magic mapping
 e - a scroll of fear
 h - a scroll of random uselessness {unknown}
 i - a scroll of identify {unknown}
 j - a scroll of enchant weapon {unknown}
Potions
 f - a potion of haste


   Skills:
 + Level 6.4 Fighting
 + Level 0.3 Short Blades
 + Level 0.3 Long Blades
 + Level 0.3 Axes
 + Level 0.3 Maces & Flails
 + Level 4.4 Polearms
 + Level 0.3 Staves
 + Level 0.3 Slings
 + Level 0.3 Bows
 + Level 0.3 Crossbows
 + Level 0.3 Throwing
 + Level 0.3 Armour
 + Level 4.4 Dodging
 + Level 9.5 Stealth
 + Level 0.3 Shields
 + Level 0.3 Unarmed Combat
 + Level 0.3 Spellcasting
 + Level 0.2 Conjurations
 + Level 0.2 Hexes
 + Level 0.2 Summonings
 + Level 0.2 Necromancy
 + Level 0.2 Translocations
 + Level 0.2 Transmutations
 + Level 0.2 Fire Magic
 + Level 0.2 Ice Magic
 + Level 0.2 Air Magic
 + Level 0.2 Earth Magic
 + Level 0.2 Poison Magic
 + Level 0.4 Invocations
 + Level 0.3 Evocations


You had one spell level left.
You didn't know any spells.
Your spell library was empty.

Dungeon Overview and Level Annotations

Branches:
Dungeon (5/15)
 Temple: D:4-7

Altars:
Wu Jian


Innate Abilities, Weirdness & Mutations

Your experience applies equally to all skills.
You have very sharp teeth.
Your uncanny sense of smell can sniff out nearby items.


Message History

The necrophage closely misses you.
The leopard gecko hisses angrily.
The leopard gecko misses you. The worker ant barely misses you.
An orc comes into view. It is wielding a +0 whip.
Found 16 stones.
Found a fizzy red potion.
Found 4 gold pieces.
The worker ant bites you!
You are poisoned.
The worker ant poisons you! The leopard gecko closely misses you.
You feel sick. The leopard gecko barely misses you.
You feel sick.
The orc wizard points at itself and mumbles some strange words.
The orc wizard flickers and vanishes!
Deactivating autopickup; reactivate with Ctrl-A.
Found a scroll labelled XODIKE KAEXAA.
The leopard gecko bites you but does no damage.
You feel sick. The leopard gecko closely misses you.
A leopard gecko comes into view.
Found 19 gold pieces.
You see here a scroll labelled XODIKE KAEXAA.
You feel sick.
The leopard gecko hisses menacingly.
The leopard gecko barely misses you.
You feel sick. The leopard gecko bites you.
* * * LOW HITPOINT WARNING * * *
Found 17 stones.
You feel sick.
You are no longer poisoned.
You see here 17 stones.
The leopard gecko closely misses you.
The orc shouts!
The leopard gecko misses you.
You see here a fizzy red potion.
The leopard gecko bites you.
* * * LOW HITPOINT WARNING * * *
The leopard gecko bites you.
You die...

#. #. #####.
######## #.B..B
#...{..# ####.###.
#.####.###(n.n....
#.##...!.#{##.##.#
#l##.#.#n#.##.##..
#@##.#.#.B....##.#
#.......##.#####.#
#.##.##.#....o....
#.....>..........#
#)...............(
......)......>..##
#...............#
#.....#.........#
.......>.?.....#


You could see a leopard gecko.

Vanquished Creatures
  An adder zombie (D:5)
  An orc (D:5)
  2 quokkas (D:5)
4 creatures vanquished.

Notes
Turn   | Place    | Note
-------+----------+-------------------------------------------
     0 | D:5      | Reached skill level 9 in Stealth
     0 | D:5      | wampuh the Gnoll Delver began the quest for the Orb.
     0 | D:5      | Reached XP level 1. HP: 23/23 MP: 1/1
   178 | D:5      | Reached XP level 2. HP: 21/29 MP: 2/2
   269 | D:5      | Noticed a necrophage
   290 | D:5      | Found an ornate altar of the Wu Jian Council.
   356 | D:5      | Noticed a scorpion
   410 | D:4      | Slain by a leopard gecko

Illustrated notes

Levels and vault maps discovered:
D:4:      layout_loops_cross, okawaru_altar_gauntlet_db
D:5:      layout_basic, nzn_wu_jian_council_hall

Skill      XL: | |
---------------+-+-----
Stealth        | |  9.5
Fighting       | |  6.4
Short Blades   | |  0.3
Long Blades    | |  0.3
Axes           | |  0.3
Maces & Flails | |  0.3
Polearms       | |  4.4
Staves         | |  0.3
Slings         | |  0.3
Bows           | |  0.3
Crossbows      | |  0.3
Throwing       | |  0.3
Armour         | |  0.3
Dodging        | |  4.4
Shields        | |  0.3
Unarmed Combat | |  0.3
Spellcasting   | |  0.3
Conjurations   | |  0.2
Hexes          | |  0.2
Summonings     | |  0.2
Necromancy     | |  0.2
Translocations | |  0.2
Transmutations | |  0.2
Fire Magic     | |  0.2
Ice Magic      | |  0.2
Air Magic      | |  0.2
Earth Magic    | |  0.2
Poison Magic   | |  0.2
Invocations    | |  0.4
Evocations     | |  0.3

Action                   || total
-------------------------++-------
Melee: Spear             ||    30
       Bite              ||     2
Evoke: Wand              ||     1
 Stab: Sleeping          ||     2
Armor: Leather armour    ||     4
Dodge: Dodged            ||    24

Table legend: (Time is in decaauts)
 A = Elapsed time spent in this place.
 B = Non-inter-level travel time spent in this place.
 C = Inter-level travel time spent in this place.
 D = Time resting spent in this place.
 E = Time spent auto-exploring this place.
 F = Levels seen in this place.
 G = Mean time per level.
                   A        B        C        D        E       F      G
               +--------+--------+--------+--------+--------+-----+--------+
         Total |    406 |    406 |      0 |    139 |     91 |   2 |  203.0 |
       Dungeon |    406 |    406 |      0 |    139 |     91 |   2 |  203.0 |
               +--------+--------+--------+--------+--------+-----+--------+

Top non-repeatable levels by time:
     D:5: 366 daAuts
     D:4: 39 daAuts
